 Dungeon Crawl Stone Soup version 0.22.1-1-ga44c0e5 (webtiles) character file.

86898 nicolaieve the Warrior (level 15, -12/226 HPs)
             Began as a Minotaur Berserker on Oct 23, 2018.
             Was the Champion of Trog.
             Mangled by an orc warrior
             ... wielding a +0 halberd
             ... led by Saint Roka
              (30 damage)
             ... on level 2 of the Orcish Mines.
             The game lasted 01:29:13 (17006 turns).

nicolaieve the Warrior (Minotaur Berserker)        Turns: 17006, Time: 01:29:14

Health: -12/226    AC: 21    Str: 34    XL:     15   Next: 42%
Magic:  14/14      EV: 23    Int:  6    God:    Trog [******]
Gold:   1470       SH:  0    Dex: 16    Spells: 14/14 levels left

rFire    + . .     SeeInvis +   K - +7 dire flail of Mutilation {venom, *Rage rPois rF+ Int+2}
rCold    . . .     Gourm    .   (shield currently unavailable)
rNeg     . . .     Faith    .   v - +9 ring mail of Sif Muna's Outrage {rElec MR+ Str+7}
rPois    +         Spirit   .   (helmet restricted)
rElec    +         Reflect  .   X - +0 cloak {MR+}
rCorr    .         Harm     .   H - +0 pair of gloves
MR       +++..     Rnd*Rage +   q - +0 pair of boots {Stlth+}
Stlth    ..........             I - amulet of regeneration
HPRegen  0.87/turn              t - ring of see invisible
MPRegen  0.14/turn              Y - +1 ring of evasion

@: berserking, drained, very quick
A: retaliatory headbutt, horns 2
a: Berserk, Trog's Hand, Brothers in Arms, Renounce Religion


You were on level 2 of the Orcish Mines.
You worshipped Trog.
Trog was exalted by your worship.
You were not hungry.

You visited 3 branches of the dungeon, and saw 23 of its levels.
You also visited: Sewer and Bailey.

You collected 2213 gold pieces.
You spent 743 gold pieces at shops.

Inventory:

Hand Weapons
 j - a +2 whip of electrocution
 p - a +0 hunting sling
 K - the +7 dire flail of Mutilation (weapon) {venom, *Rage rPois rF+ Int+2}
   (Trog gifted it to you on level 14 of the Dungeon)

   It poisons the flesh of those it strikes.
   It affects your intelligence (+2).
   It protects you from fire.
   It protects you from poison.
   It may make you go berserk in combat.
Missiles
 k - 817 stones (quivered)
 n - 44 sling bullets
Armour
 i - a +0 buckler
 q - a +0 pair of boots of stealth (worn)
 v - the +9 ring mail of Sif Muna's Outrage (worn) {rElec MR+ Str+7}
   (You found it on level 4 of the Dungeon)

   It affects your strength (+7).
   It insulates you from electricity.
   It affects your resistance to hostile enchantments.
 B - a +0 large shield
 H - a +0 pair of gloves (worn)
 W - a +3 plate armour of cold resistance
 X - a +0 cloak of magic resistance (worn)
Jewellery
 s - an uncursed ring of protection from cold
 t - a ring of see invisible (left hand)
 E - an uncursed ring of ice
 I - an amulet of regeneration (around neck)
 S - a +2 ring of strength
 Y - a +1 ring of evasion (right hand)
Wands
 a - a wand of flame (64)
 F - a wand of iceblast (9)
 J - a wand of digging (20)
 L - a wand of paralysis (42)
 M - a wand of scattershot (6)
 P - a wand of enslavement (12)
 U - a wand of acid (32)
Scrolls
 e - 2 scrolls of remove curse
 f - a scroll of holy word
 o - 18 scrolls of teleportation
 r - 5 scrolls of fear
 u - 4 scrolls of blinking
 x - 4 scrolls of magic mapping
 y - 8 scrolls of immolation
 z - a scroll of enchant weapon
 N - a scroll of summoning {unknown}
 R - 2 scrolls of enchant armour {unknown}
Potions
 b - a potion of haste
 d - 3 potions of agility
 h - 6 potions of heal wounds
 l - 2 potions of lignification
 m - 3 potions of ambrosia
 w - a potion of magic
 A - 2 potions of might
 C - 7 potions of curing
 D - 2 potions of cancellation
 O - a potion of resistance
 Q - 2 potions of flight
 V - 3 potions of mutation
Comestibles
 c - 41 rations
 g - 19 chunks of flesh


   Skills:
 + Level 18.9(17.6) Fighting
 - Level 14.0(12.8) Maces & Flails
 * Level 14.3(13.1) Armour
 + Level 15.1(13.9) Dodging
 - Level 4.0(3.1) Shields
 - Level 0.1(0.0) Evocations


You had 14 spell levels left.
You didn't know any spells.
Your spell library was empty.

Dungeon Overview and Level Annotations

Branches:
Dungeon (15/15)            Temple (0/1) D:5            Lair (6/6) D:10
  Swamp (0/4) Lair:2        Snake (0/4) Lair:2        Slime (0/5) Lair:5
    Orc (2/2) D:10         Vaults (0/5) D:13         Depths (0/5) D:15
    Elf: Orc:2

Altars:
Dithmenos
Fedhas
Hepliaklqana
Kikubaaqudgha
Okawaru
Ru
Xom
Yredelemnul
Jiyva

Shops:
D:5 ?   D:6 ?   D:10 [[   D:12 *   D:14 *

Annotations:
D:6 3 runed doors, yogakurto's ghost, novice NaEE
Orc:2 Saint Roka


Innate Abilities, Weirdness & Mutations

You reflexively headbutt those who attack you in melee.
You have a pair of horns on your head.


Message History

The orc warrior closely misses you.
You barely miss Saint Roka.
Saint Roka is heavily wounded.
Saint Roka hits you with a long sword of draining!!!
You feel drained.
* * * LOW HITPOINT WARNING * * *
The orc knight hits you with a great sword!!!
* * * LOW HITPOINT WARNING * * *
You are too berserk!
Unknown command.
You are too berserk!
You are too berserk!
You are too berserk!
You thump Saint Roka!
Saint Roka looks as sick as possible!
Saint Roka is heavily wounded.
Unknown command.
You bludgeon Saint Roka!! You headbutt Saint Roka!!
Saint Roka is almost dead.
The orc warrior hits you with a halberd!!
You die...

#..## #..##
#.........
#.(......## #
#.........#.#.
.#+##....#........
................#.
........[)..#....#
.........<)#....#
.......)@o).#
.......o)o†[..#
..$..$............
...............#.#
....#..<......#...
..........#..#...#
..................
..$.....#########


You could see Saint Roka, an orc knight and an orc warrior.

Vanquished Creatures
  Kirke (Lair:4)
  A dire elephant (Lair:6)
  A fire dragon (D:13)
  An ogre mage (D:10)
  A rakshasa (D:15)
  Fannar (Orc:1)
  9 hydras
  A merfolk avatar (Lair:6)
  Erica (Orc:1)
  A centaur warrior (D:15)
  5 death yaks (Lair:6)
  A tengu warrior (D:15)
  5 two-headed ogres
  Sonja (Lair:1)
  Nergalle (Lair:2)
  A shock serpent (shapeshifter) (D:15)
  A sea snake (Lair:6)
  A glowing orange brain (D:15)
  3 skeletal warriors (D:13)
  5 unseen horrors
  A swamp dragon (shapeshifter) (D:15)
  A harpy (Lair:6)
  2 wizards
  2 orc knights
  2 lindwurms (Lair:2)
  A salamander (shapeshifter) (D:15)
  3 cyclopes
  24 ugly things
  An orc sorcerer (Orc:2)
  5 manticores
  7 elephants
  7 centaur zombies
  3 black mambas
  A torpor snail (Lair:4)
  3 centaur skeletons
  5 spiny frogs
  9 komodo dragons
  3 rime drakes
  A freezing wraith (D:14)
  5 yaktaurs (D:13)
  A tengu conjurer (D:14)
  6 trolls
  A bog body (Lair:2)
  Grinder (D:6)
  4 hornets
  7 hippogriffs
  6 blink frogs
  3 wind drakes (Lair:6)
  3 slime creatures (D:15)
  A dream sheep (shapeshifter) (D:15)
  A centaur simulacrum (D:15)
  6 wyverns
  32 yaks
  Grum (D:11)
  A wraith (D:10)
  4 hogs (Lair:4)
  2 basilisks
  9 vampire mosquitoes
  2 hungry ghosts
  Menkaure (D:4)
  5 wargs (Orc:2)
  2 swamp worms (Lair:2)
  2 acid dragons
  A soldier ant (D:13)
  16 water moccasins
  9 porcupines
  14 orc warriors
  6 ice beasts
  4 black bears
  3 eyes of draining
  11 ogres
  4 sky beasts
  2 necrophages
  2 phantoms
  10 centaurs
  12 wolves
  23 crocodiles
  4 big kobolds
  A gnoll sergeant (D:10)
  17 bullfrogs
  A water moccasin zombie (D:11)
  4 scorpions
  3 killer bees (D:11)
  7 wights (D:15)
  2 electric eels
  2 howler monkeys
  7 crimson imps
  7 hounds
  A quasit (D:9)
  12 orc priests
  3 bullfrog skeletons
  7 jellies
  10 iguanas
  20 orc wizards
  10 worker ants
  A hound zombie (D:10)
  A hound skeleton (D:7)
  2 worker ant zombies
  Robin (D:3)
  15 adders
  A howler monkey skeleton (D:8)
  9 gnolls
  A river rat (Sewer)
  6 shadow imps
  11 oozes
  An adder skeleton (D:4)
  4 worms
  2 dart slugs
  6 leopard geckos
  78 orcs
  6 giant cockroaches
  11 goblins
  15 hobgoblins
  16 jackals
  3 quokkas
  6 ball pythons
  6 bats
  A frilled lizard (D:3)
  A jackal skeleton (D:4)
  33 kobolds
  A leopard gecko skeleton (D:4)
  14 rats
  A plant (D:2)
717 creatures vanquished.

Vanquished Creatures (others)
  An unseen horror (D:15)
  An orc (Orc:2)
  11 plants (Lair:6)
13 creatures vanquished.

Grand Total: 730 creatures vanquished

Notes
Turn   | Place    | Note
-------+----------+-------------------------------------------
     0 | D:1      | nicolaieve the Minotaur Berserker began the quest for the
                  | Orb.
     0 | D:1      | Reached XP level 1. HP: 19/19 MP: 0/0
   118 | D:1      | Reached XP level 2. HP: 23/26 MP: 1/1
   544 | D:1      | Reached skill level 5 in Maces & Flails
   585 | D:1      | Reached XP level 3. HP: 19/31 MP: 2/2
  1074 | D:2      | Reached ** piety under Trog
  1224 | D:2      | Reached XP level 4. HP: 39/39 MP: 3/3
  1685 | D:2      | Found a sacrificial altar of Ru.
  1926 | D:3      | Noticed Robin
  1932 | D:3      | Reached XP level 5. HP: 45/45 MP: 4/4
  1951 | D:3      | Killed Robin
  2334 | D:3      | Found a hazy altar of Hepliaklqana.
  2452 | D:4      | Reached *** piety under Trog
  2538 | D:4      | Noticed an ogre
  2540 | D:4      | Killed an ogre
  2540 | D:4      | Reached XP level 6. HP: 51/51 MP: 5/5
  2596 | D:4      | Got a fine ring mail
  2608 | D:4      | Identified the +5 ring mail of Contentment {*Corrode +Inv
                  | Int+9} (You found it on level 4 of the Dungeon)
  2713 | D:4      | Found a basalt altar of Yredelemnul.
  2714 | D:4      | Found an ancient bone altar of Kikubaaqudgha.
  2714 | D:4      | Noticed Menkaure
  2715 | D:4      | Found a transporter.
  2740 | D:4      | Noticed a hungry ghost
  2754 | D:4      | Found a transporter.
  2990 | D:4      | Killed a hungry ghost
  2993 | D:4      | Reached XP level 7. HP: 57/57 MP: 6/6
  2994 | D:4      | Killed Menkaure
  2994 | D:4      | Reached skill level 10 in Maces & Flails
  3031 | D:4      | Got a faintly glowing ring mail
  3049 | D:4      | Identified the +9 ring mail of Sif Muna's Outrage {rElec
                  | MR+ Str+7} (You found it on level 4 of the Dungeon)
  3082 | D:5      | Entered Level 5 of the Dungeon
  3160 | D:5      | Found Kiorav's Magic Scroll Shoppe.
  3176 | D:5      | Bought a scroll of identify for 26 gold pieces
  3176 | D:5      | Bought a scroll of remove curse for 39 gold pieces
  3176 | D:5      | Bought a scroll of noise for 13 gold pieces
  3176 | D:5      | Bought a scroll of identify for 26 gold pieces
  3176 | D:5      | Bought a scroll of identify for 26 gold pieces
  3176 | D:5      | Bought a scroll of magic mapping for 45 gold pieces
  3176 | D:5      | Bought a scroll of immolation for 45 gold pieces
  3420 | D:5      | Found a staircase to the Ecumenical Temple.
  3552 | D:6      | Noticed Grinder
  3559 | D:6      | Reached XP level 8. HP: 51/64 MP: 7/7
  3564 | D:6      | Killed Grinder
  3593 | D:6      | Found Kubishai's Magic Scroll Shoppe.
  3600 | D:6      | Bought a scroll of identify for 28 gold pieces
  3636 | D:6      | Found a runed gate.
  3779 | D:6      | Received a gift from Trog
  3894 | D:6      | Found a runed gate.
  3894 | D:6      | Found a runed gate.
  3895 | D:6      | Noticed yogakurto's ghost (novice NaEE)
  3961 | D:6      | Found a glowing drain.
  3978 | Sewer    | Entered a sewer
  4024 | Sewer    | Reached skill level 4 in Fighting
  4537 | D:7      | Reached **** piety under Trog
  4537 | D:7      | Reached skill level 5 in Fighting
  4699 | D:7      | Reached XP level 9. HP: 74/74 MP: 8/8
  4927 | D:7      | Reached skill level 6 in Fighting
  5727 | D:8      | Reached skill level 7 in Fighting
  5832 | D:8      | Found an iron altar of Okawaru.
  5982 | D:8      | Reached skill level 5 in Dodging
  6225 | D:8      | Reached skill level 8 in Fighting
  6786 | D:9      | Noticed a troll
  6791 | D:9      | Killed a troll
  6791 | D:9      | Reached XP level 10. HP: 80/88 MP: 9/9
  6888 | D:9      | Found a shimmering altar of Xom.
  6892 | D:9      | Found a blossoming altar of Fedhas.
  6897 | D:9      | Found a shadowy altar of Dithmenos.
  6987 | D:9      | Noticed a white ugly thing
  7005 | D:9      | Killed a white ugly thing
  7357 | D:10     | Entered Level 10 of the Dungeon
  7452 | D:10     | Noticed an ogre mage
  7455 | D:10     | Reached ***** piety under Trog
  7459 | D:10     | Killed an ogre mage
  7459 | D:10     | Reached skill level 9 in Fighting
  7459 | D:10     | Reached skill level 10 in Armour
  7613 | D:10     | Found Plog's Armour Shop.
  7613 | D:10     | Found a staircase to the Orcish Mines.
  7626 | D:10     | Noticed an orc knight
  7629 | D:10     | Found a staircase to the Lair.
  7638 | D:10     | Killed an orc knight
  7638 | D:10     | Reached skill level 10 in Fighting
  7755 | D:10     | Received a gift from Trog
  7771 | D:10     | Killed an unseen horror
  7881 | D:10     | Found Puguhagg's Antique Armour Boutique.
  7889 | D:10     | Bought a pair of embroidered boots for 217 gold pieces
  7967 | D:10     | Noticed a wizard
  7979 | D:10     | Killed a wizard
  7979 | D:10     | Reached XP level 11. HP: 87/101 MP: 10/10
  8271 | D:11     | Reached skill level 11 in Fighting
  8282 | D:11     | Killed an unseen horror
  8287 | D:11     | Noticed Grum
  8302 | D:11     | Killed Grum
  8665 | D:12     | Found Ziob's General Store.
  8688 | D:12     | Bought a potion of heal wounds for 55 gold pieces
  8688 | D:12     | Bought a scroll of teleportation for 33 gold pieces
  8688 | D:12     | Bought a scroll of identify for 22 gold pieces
  8691 | D:12     | Noticed a seven-headed hydra
  8701 | D:12     | Killed a seven-headed hydra
  8701 | D:12     | Reached skill level 12 in Fighting
  8968 | D:12     | Noticed a two-headed ogre
  8979 | D:12     | Killed a two-headed ogre
  9347 | D:13     | Reached skill level 13 in Fighting
  9357 | D:13     | Reached XP level 12. HP: 90/115 MP: 11/11
  9405 | D:13     | Noticed a two-headed ogre
  9411 | D:13     | Killed a two-headed ogre
  9430 | D:13     | Received a gift from Trog
  9500 | D:13     | Reached skill level 10 in Dodging
  9905 | D:13     | Reached skill level 14 in Fighting
  9955 | D:13     | Found a hazy altar of Hepliaklqana.
 10007 | D:13     | Found a flagged portal.
 10021 | Bailey   | Entered a bailey
 10415 | D:13     | Noticed a fire dragon
 10425 | D:13     | Killed a fire dragon
 10427 | D:13     | Found a gate to the Vaults.
 10649 | D:14     | Found Riut's Assorted Antiques.
 10655 | D:14     | Bought a potion of heal wounds for 120 gold pieces
 10655 | D:14     | Bought a scroll of identify for 48 gold pieces
 10779 | D:14     | Received a gift from Trog
 10798 | D:14     | Got a brightly glowing dire flail {god gift}
 10834 | D:14     | Identified the +7 dire flail of Mutilation {venom, *Rage
                  | rPois rF+ Int+2} (Trog gifted it to you on level 14 of the
                  | Dungeon)
 10975 | D:14     | Reached skill level 1 in Shields
 10975 | D:14     | Reached XP level 13. HP: 125/125 MP: 12/12
 11025 | D:14     | Reached skill level 15 in Fighting
 11264 | D:15     | Entered Level 15 of the Dungeon
 11583 | D:15     | Reached ****** piety under Trog
 11634 | D:15     | Received a gift from Trog
 12053 | D:15     | Found a staircase to the Depths.
 12065 | D:15     | Reached XP level 14. HP: 136/136 MP: 13/13
 12084 | D:15     | Reached skill level 16 in Fighting
 12338 | Lair:1   | Entered Level 1 of the Lair of Beasts
 12467 | Lair:1   | Noticed Sonja
 12475 | Lair:1   | Killed Sonja
 12992 | Lair:2   | Noticed Nergalle
 13046 | Lair:2   | Killed Nergalle
 13234 | Lair:2   | Found a staircase to the Snake Pit.
 13754 | Lair:2   | Found a staircase to the Swamp.
 14118 | Lair:3   | You fall through a shaft!
 14221 | Lair:4   | Reached skill level 17 in Fighting
 14527 | Lair:4   | Noticed Kirke
 14544 | Lair:4   | Killed Kirke
 15018 | Lair:5   | Received a gift from Trog
 15162 | Lair:5   | Found a staircase to the Slime Pits.
 15162 | Lair:5   | Found a viscous altar of Jiyva.
 15617 | Lair:6   | Entered Level 6 of the Lair of Beasts
 15698 | Lair:6   | Reached skill level 18 in Fighting
 15757 | Lair:6   | Reached XP level 15. HP: 132/149 MP: 14/14
 16793 | Orc:1    | Entered Level 1 of the Orcish Mines
 16794 | Orc:1    | Noticed Fannar
 16805 | Orc:1    | Killed Fannar
 16805 | Orc:1    | Reached skill level 15 in Dodging
 16914 | Orc:1    | Noticed Erica
 16923 | Orc:1    | Killed Erica
 16955 | Orc:2    | Entered Level 2 of the Orcish Mines
 16955 | Orc:2    | Noticed Saint Roka
 16986 | Orc:2    | Received a gift from Trog
 17006 | Orc:2    | Mangled by an orc warrior

Skill      XL: |  1  2  3  4  5  6  7  8  9 10 11 12 13 14 15 |
---------------+----------------------------------------------+-----
Maces & Flails | 4 5 6 7 8 9 11 12 13 14 | 14.0
Armour         | 6 9 11 12 13 14 | 14.3
Fighting       | 5 8 10 13 14 15 18 | 18.9
Dodging        | 3 5 7 9 12 13 14 15 | 15.1
Shields        | 1 4 |  4.0
Evocations     | |  0.1

Action                   |  1- 3 |  4- 6 |  7- 9 | 10-12 | 13-15 || total
-------------------------+-------+-------+-------+-------+-------++-------
Melee: Mace              |    54 |       |       |       |       ||    54
       Headbutt          |     7 |    18 |    66 |   190 |   235 ||   516
       Whip              |    27 |   110 |   215 |   464 |       ||   816
       Flail             |       |       |    70 |   117 |       ||   187
       Dire flail        |       |       |       |    29 |   709 ||   738
Invok: Berserk           |       |     3 |     2 |     7 |     6 ||    18
       Trog's Hand       |       |     1 |     2 |     2 |     7 ||    12
  Use: Scroll            |       |       |    10 |     6 |    13 ||    29
       Potion            |       |       |       |     1 |     3 ||     4
 Stab: Sleeping          |       |       |       |     3 |     7 ||    10
       Distracted        |       |       |       |     2 |     1 ||     3
  Eat: Chunk             |     1 |     7 |    11 |    17 |    26 ||    62
       Ration            |       |       |     2 |     1 |     1 ||     4
Armor: Animal skin       |     4 |       |       |       |       ||     4
       Ring mail         |    23 |    15 |    91 |   243 |   268 ||   640
       Plate armour      |       |    38 |     1 |       |       ||    39
Dodge: Dodged            |    59 |    37 |   127 |   465 |   641 ||  1329
